 Dungeon Crawl Stone Soup version 0.28.0-53-g5a82cb258f (webtiles) character file.

Game seed: 8152734138960226259

24 LynnLen the Sneak (level 2, 0/15 HPs)
             Began as a Vampire Enchanter on Aug 16, 2022.
             Slain by a kobold
             ... wielding a +0 dagger of electrocution
              (14 damage)
             ... on level 2 of the Dungeon.
             The game lasted 00:04:45 (1511 turns).

LynnLen the Sneak (Vampire Enchanter)               Turns: 1511, Time: 00:04:46

Health: 0/15       AC:  3    Str:  7    XL:     2   Next: 79%
Magic:  5/5        EV: 12    Int: 17    God:
Gold:   72         SH:  0    Dex: 14    Spells: 5/5 levels left

rFire   . . .      SeeInvis +   a - +1 dagger
rCold   + + .      Faith    .   (no shield)
rNeg    + + +      Spirit   .   b - +0 robe
rPois   ∞          Reflect  .   (no helmet)
rElec   .          Harm     .   (no cloak)
rCorr   .          Rampage  .   g - +0 pair of gloves
Will    .....                   (no boots)
Stlth   +++++.....              (no amulet)
HPRegen 0.00/turn               (no ring)
MPRegen 0.09/turn               (no ring)

@: bloodless, inhibited regen
A: bloodless, fangs 3, see invisible, vampiric 1
a: Revivify


You were on level 2 of the Dungeon.
You visited 1 branch of the dungeon, and saw 2 of its levels.

You collected 72 gold pieces.

Inventory:

Hand Weapons
 a - a +1 dagger (weapon)
Missiles
 d - 52 stones (quivered)
Armour
 b - a +0 robe (worn)
 g - a +0 pair of gloves (worn)
Jewellery
 i - a ring of willpower
Scrolls
 c - a scroll of identify {unknown}
 j - a scroll of blinking {unknown}
Potions
 e - a potion of ambrosia {unknown}
 f - a potion of berserk rage {unknown}
 h - a potion of lignification {unknown}
 k - 2 potions of attraction {unknown}
 l - a potion of mutation {unknown}


   Skills:
 + Level 2.3 Short Blades
 - Level 2.1 Dodging
 + Level 5.4 Stealth
 - Level 2.0 Spellcasting
 - Level 4.4 Hexes


You had 5 spell levels left.
You didn't know any spells.
Your spell library contained the following spells:

 Spells                   Type           Power      Damage    Failure   Level
 Confusing Touch          Hex            16%        N/A       10%         3
 Tukima's Dance           Hex            16%        N/A       10%         3
 Ensorcelled Hibernation  Hex/Ice        18%        N/A       12%         2
 Dazzling Flash           Conj/Hex       18%        N/A       24%         3


Dungeon Overview and Level Annotations

Branches:
Dungeon (2/15)

Altars:

Shops:
D:1 *


Innate Abilities, Weirdness & Mutations

You do not regenerate when monsters are visible.
You are frail without blood (-20% HP).
You can heal yourself when you bite living creatures.
You are immune to poison.
You have razor-sharp teeth.
You have supernaturally acute eyesight. (SInv)
You are afflicted with vampirism.


Message History

Done exploring.
Done exploring.
Okay, then.
There is an open door here.
There is a stone staircase leading down here.
You climb downwards.
Found four items.
There is a stone staircase leading up here.
You now have 60 gold pieces (gained 16).
j - a scroll labelled TISCHY OSUVOXELYGG
k - 2 smoky amethyst potions
Found 7 gold pieces.
l - an inky potion
Found 5 gold pieces.
A kobold comes into view. It is wielding a +0 short sword.
The kobold hits you with a +0 short sword.
You hit the kobold.
The kobold is heavily wounded.
You hit the kobold.
You kill the kobold!
You see here a +0 short sword.
You now have 65 gold pieces (gained 5).
You now have 72 gold pieces (gained 7).
A kobold comes into view.
It is wielding a +0 dagger of electrocution.
The kobold shouts!
Okay, then.
Okay, then.
Okay, then.
Press: ? - help, v - describe, . - travel The floor.
You aren't carrying any items that you can evoke.
Okay, then.
The kobold hits you but does no damage.
A goblin comes into view. It is wielding a +0 dagger.
The goblin shouts!
You hit the kobold but do no damage. You bite the kobold, but do no damage.
The kobold hits you with a +0 dagger of electrocution.
You are electrocuted!
Ouch! That really hurt!
You die...

......#.....
......######. .. ...
........####. .. ...
#.##.##......##. ...
.....# #####...# g..
.....##### #...# ##.#
...#.....# #..##...#
...####..####......#####
................@K......
)....................###
...####..##.............
...# #.#############...
...# #.# .. #### ### .


You could see a goblin and a kobold.

Vanquished Creatures
  2 bats (D:1)
  4 endoplasms (D:1)
  2 giant cockroaches (D:1)
  3 goblins (D:1)
  A hobgoblin (D:1)
  A ball python (D:1)
  6 kobolds
  A rat (D:1)
20 creatures vanquished.

Notes
Turn   | Place    | Note
-------+----------+-------------------------------------------
     0 | D:1      | LynnLen the Vampire Enchanter began the quest for the Orb.
     0 | D:1      | Reached XP level 1. HP: 13/13 MP: 3/3
    22 | D:1      | Found Ziadopru's Assorted Antiques.
   272 | D:1      | Reached XP level 2. HP: 13/15 MP: 5/5
   284 | D:1      | Reached skill level 5 in Stealth
  1030 | D:1      | Found a faded altar of an unknown god.
  1511 | D:2      | Slain by a kobold

Illustrated notes

Levels and vault maps discovered:
D:1:      heliophobic_arrival_battle_scene, layout_basic,
          ebering_ecumenical_altar_webs, serial_shops, shop
D:2:      layout_rooms, pf_guarded_unrand_delatra, uniq_crazy_yiuf_cottage,
          uniq_natasha, uniq_terence

Skill      XL: |  1  2 |
---------------+-------+-----
Stealth        | 5 |  5.4
Short Blades   | 2 |  2.3
Dodging        | |  2.1
Spellcasting   | |  2.0
Hexes          | |  4.4

Action                   || total
-------------------------++-------
Melee: Dagger            ||    52
       Bite              ||     4
       Punch             ||     2
 Abil: Exsanguinate      ||     1
  Use: Potion            ||     1
 Stab: Sleeping          ||     7
       Invisible         ||     2
Armor: Robe              ||    14
Dodge: Dodged            ||    23
